 Dungeon Crawl Stone Soup version 0.23.2-40-g277498a001 (webtiles) character file.

Game seed: 8983832976028075051

273 MalarOregon the Sneak (level 6, -7/45 HPs)
             Began as a Draconian Enchanter on Sept 18, 2019.
             Mangled by an iguana (14 damage)
             ... on level 4 of the Dungeon.
             The game lasted 00:03:26 (3072 turns).

MalarOregon the Sneak (Draconian Enchanter)         Turns: 3072, Time: 00:03:27

Health: -7/45      AC:  6    Str: 11    XL:     6   Next: 2%
Magic:  7/10       EV: 13    Int: 17    God:
Gold:   180        SH:  0    Dex: 11    Spells: 8/11 levels left

rFire    . . .     SeeInvis .   a - +2 dagger
rCold    . . .     Gourm    .   (no shield)
rNeg     . . .     Faith    .   (armour unavailable)
rPois    +         Spirit   .   (helmet restricted)
rElec    .         Reflect  .   (no cloak)
rCorr    .         Harm     .   (no gloves)
MR       .....                  (no boots)
Stlth    +++.......             (no amulet)
HPRegen  0.15/turn              h - ring of stealth
MPRegen  0.12/turn              g - ring of poison resistance

@: very slightly contaminated
A: unfitting armour, cold-blooded, AC +6
a: no special abilities


You were on level 4 of the Dungeon.
You were near starving.

You visited 1 branch of the dungeon, and saw 4 of its levels.

You collected 180 gold pieces.

Inventory:

Hand Weapons
 a - a +2 dagger (weapon)
Jewellery
 g - a ring of poison resistance (right hand)
   (You found it on level 2 of the Dungeon)
 h - a ring of stealth (left hand)
   (You found it on level 2 of the Dungeon)
Scrolls
 d - 3 scrolls of identify {@r1}
 i - 2 scrolls of remove curse {@r2}
Potions
 b - a potion of agility
 f - a potion of flight {unknown}
 j - a potion of curing {unknown}
Comestibles
 e - 3 rations {!d}


   Skills:
 + Level 2.7 Short Blades
 + Level 3.0 Dodging
 + Level 3.7 Stealth
 + Level 3.1 Spellcasting
 + Level 3.6 Hexes


You had 8 spell levels left.
You knew the following spells:

 Your Spells              Type           Power        Failure   Level  Hunger
a - Corona                Hex            ###....      4%          1    None
x - Ensorcelled Hibernat  Hex/Ice        #.....       12%         2    ##.....

Your spell library contained the following spells:

 Spells                   Type           Power        Failure   Level  Hunger
 Confuse                  Hex            ###.....     12%         3    ###....
 Tukima's Dance           Hex            ###.....     12%         3    ###....
 Dazzling Spray           Conj/Hex       #.....       24%         3    ###....


Dungeon Overview and Level Annotations

Branches:
Dungeon (4/15)
 Temple: D:4-7

Altars:


Innate Abilities, Weirdness & Mutations

Your plain brown scales are hard. (AC +6)
You cannot fit into any form of body armour.
You are cold-blooded and may be slowed by cold attacks.


Message History

Aim: a hungry ghost (heavily damaged, chance to defeat MR: 31%)
The hungry ghost is outlined in light.
The hungry ghost closely misses you.
You hit the hungry ghost.
Your tail-slap misses the hungry ghost.
The hungry ghost hits you.
You are feeling very hungry.
You hit the hungry ghost. The hungry ghost misses you.
You hit the hungry ghost. The hungry ghost hits you.
You are near starving!
You hit the hungry ghost.
You destroy the hungry ghost!
Your Dodging skill increases to level 3!
Your Spellcasting skill increases to level 3!
You have reached level 6!
Your experience leads to an increase in your attributes!
Increase (S)trength, (I)ntelligence, or (D)exterity?
You feel clever.
Your scales feel tougher.
You start resting.
Your magical contamination has completely faded away.
The iguana is too close now for your liking.
Aim: an iguana (hasn't noticed you, chance to defeat MR: 61%)
The iguana hisses angrily.
The iguana is outlined in light.
The iguana closely misses you.
You hit the iguana but do no damage. You hit the iguana.
The iguana barely misses you.
You hit the iguana but do no damage. The iguana misses you.
You hit the iguana. The iguana closely misses you.
You hit the iguana but do no damage.
You tail-slap the iguana, but do no damage.
The iguana closely misses you.
You hit the iguana. The iguana bites you!
You hit the iguana but do no damage. The iguana bites you.
You hit the iguana but do no damage. You tail-slap the iguana.
You barely miss the iguana. The iguana bites you!
You hit the iguana.
The iguana stops glowing.
The iguana bites you but does no damage.
You hit the iguana. The iguana bites you!
* * * LOW HITPOINT WARNING * * *
Aim: an iguana (almost dead, chance to defeat MR: 49%)
You miscast Ensorcelled Hibernation.
You are very lightly contaminated with residual magic.
Your hands glow momentarily.
The iguana bites you!
* * * LOW HITPOINT WARNING * * *
You hit the iguana but do no damage. The iguana closely misses you.
Aim: an iguana (almost dead, chance to defeat MR: 61%)
The iguana is outlined in light.
The iguana bites you but does no damage.
Unknown command.
You completely miss the iguana. The iguana bites you!
You die...

#####.................
.................#...#####
.####.........##..........
.#..<........###..".......
.##########..# #..........
.....# ####..# #..........
####.# #.....# #..........
#.###.....#####.#.####
#.#......>..l@.........
#.#.#.....#####.#.#####
#.#.............#.#
#.######.######## #
#...............
########.####### ...# ...#
#...#


You could see an iguana.

Vanquished Creatures
  A hungry ghost (D:4)
  A bullfrog (D:3)
  3 adders
  An ooze (D:2)
  A dart slug (D:2)
  A leopard gecko (D:3)
  2 orcs (D:3)
  9 bats
  6 goblins
  9 hobgoblins
  3 jackals (D:2)
  3 quokkas
  A ball python (D:3)
  4 frilled lizards
  3 kobolds
  A leopard gecko skeleton (D:4)
  5 rats
54 creatures vanquished.

Notes
Turn   | Place    | Note
-------+----------+-------------------------------------------
     0 | D:1      | MalarOregon the Draconian Enchanter began the quest for the
                  | Orb.
     0 | D:1      | Reached XP level 1. HP: 14/14 MP: 3/3
   587 | D:1      | Reached XP level 2. HP: 20/20 MP: 5/5
   591 | D:1      | Learned a level 2 spell: Ensorcelled Hibernation
  1109 | D:2      | Found a faded altar of an unknown god.
  1350 | D:2      | Reached XP level 3. HP: 13/26 MP: 1/6
  2290 | D:3      | Noticed a bullfrog
  2301 | D:3      | Killed a bullfrog
  2301 | D:3      | Reached XP level 4. HP: 32/33 MP: 0/8
  2439 | D:3      | Reached XP level 5. HP: 35/38 MP: 9/9
  2964 | D:4      | Noticed a hungry ghost
  2995 | D:4      | Killed a hungry ghost
  2995 | D:4      | Reached XP level 6. HP: 35/45 MP: 2/10
  3072 | D:4      | Mangled by an iguana

Skill      XL: |  1  2  3  4  5 |
---------------+----------------+-----
Dodging        | 2 3 |  3.0
Stealth        | 3 |  3.7
Hexes          | 3 |  3.6
Short Blades   | 2 |  2.7
Spellcasting   | 3 |  3.1

Action                   |  1- 3 |  4- 6 || total
-------------------------+-------+-------++-------
Melee: Dagger            |   125 |    94 ||   219
       Tailslap          |     8 |     8 ||    16
 Cast: Ensorcelled Hiber |     7 |       ||     7
       Corona            |       |    10 ||    10
  Use: Scroll            |     3 |     2 ||     5
 Stab: Sleeping          |    12 |     4 ||    16
       Distracted        |     1 |     1 ||     2
  Eat: Chunk             |     5 |     3 ||     8
       Ration            |       |     1 ||     1
Armor: Skin              |    42 |    29 ||    71
Dodge: Dodged            |    80 |    40 ||   120
